 Dungeon Crawl Stone Soup version 0.26-a0-1020-ge47f559bc5 (webtiles) character file.

Game seed: 10975204764055933103

664 Ijustatesigmund the Cleaver (level 7, -4/46 HPs)
             Began as an Octopode Fighter on Dec 8, 2020.
             Slain by Pikel
             ... wielding a +0 whip of electrocution
              (20 damage)
             ... on level 6 of the Dungeon.
             The game lasted 00:07:19 (3381 turns).

Ijustatesigmund the Cleaver (Octopode Fighter)      Turns: 3381, Time: 00:07:20

Health: -4/46      AC:  1    Str: 15    XL:     7   Next: 57%
Magic:  7/7        EV: 12    Int: 13    God:
Gold:   258        SH:  9    Dex: 13    Spells: 6/6 levels left

rFire    + . .     SeeInvis .   a - +2 war axe
rCold    . . .     Faith    .   b - +1 kite shield
rNeg     . . .     Spirit   .   (helmet restricted)
rPois    .         Reflect  .   q - amulet of regeneration
rElec    .         Harm     .   (no ring)
rCorr    .         Rampage  .   (no ring)
Will     +....                  (no ring)
Stlth    ++........             (no ring)
HPRegen  0.55/turn              (no ring)
MPRegen  0.10/turn              (no ring)
                                (no ring)
                                (no ring)

@: no status effects
A: almost no armour, stealthy swim, amphibious, 8 rings, constrict 8, camouflage
1, clever 1, fire resistance 1, strong-willed 1, gelatinous body 1
a: no special abilities


You were on level 6 of the Dungeon.
You visited 2 branches of the dungeon, and saw 7 of its levels.

You collected 258 gold pieces.

Inventory:

Hand Weapons
 a - a +2 war axe (weapon)
Missiles
 d - 4 poisoned darts
 l - 3 atropa-tipped darts (quivered)
Armour
 b - a +1 kite shield (worn)
Jewellery
 q - an amulet of regeneration (around mantle)
Wands
 n - a wand of iceblast (11)
Scrolls
 e - 5 scrolls of remove curse
 m - a scroll of immolation
Potions
 c - a potion of degeneration {unknown}
 f - 4 potions of attraction
 g - 2 potions of cancellation
 h - 3 potions of flight
 i - a potion of haste
 j - 4 potions of curing
 k - a potion of lignification {unknown}
 o - a potion of heal wounds {unknown}


   Skills:
 - Level 3.0 Fighting
 + Level 8.3 Axes
 - Level 3.0 Dodging
 - Level 3.0 Shields


You had 6 spell levels left.
You didn't know any spells.
Your spell library was empty.

Dungeon Overview and Level Annotations

Branches:
Dungeon (7/15)             Temple (1/1) D:7

Altars:
Ashenzari
Cheibriados
Dithmenos
Elyvilon
Fedhas
Gozag
Kikubaaqudgha
Makhleb
Okawaru
Qazlal
Ru
Sif Muna
Uskayaw
Wu Jian
Xom
Yredelemnul
Zin
The Shining One

Annotations:
D:4 1 runed translucent door, loom's ghost, amateur TrMo
D:6 Pikel


Innate Abilities, Weirdness & Mutations

You cannot wear most types of armour.
You are very stealthy in the water. (Stealth+)
You are amphibious.
You can wear up to eight rings at the same time.
You can use your tentacles to constrict eight enemies at once.
Your skin changes colour to match your surroundings (Stealth+).
Your rubbery body absorbs attacks. (AC +1, EV +1)
Your mind is acute. (Int +2)
Your flesh is heat resistant. (rF+)
You are strong-willed. (Will+)


Message History

You constrict the lemure, but do no damage.
The centaur shoots an arrow.
You block the arrow. Pikel closely misses you. The lemure hits you.
You slash the lemure!
The lemure is almost dead.
You hit Pikel. You constrict the lemure.
The centaur shoots an arrow.
The arrow barely misses you.
Pikel hits you with a +0 whip of electrocution.
You are electrocuted!
You block the lemure's attack.
The centaur shoots an arrow.
The arrow closely misses you.
You barely miss Pikel. You grab Pikel.
Pikel is lightly wounded.
You hit the lemure but do no damage. You constrict Pikel, but do no damage.
You constrict the lemure.
You kill the lemure!
That felt strangely unrewarding.
Pikel barely misses you.
The centaur shoots an arrow.
You block the arrow.
Pikel hits you with a +0 whip of electrocution.
You are electrocuted!!
You die...

#....#....###..........##.#......
.....##...##..#..................
......#......#................##.
.....#...#.###.........#.†..####
####..#...##.##.........#.##..#
..##..........#.....)......#..#
..#......#.#.##..#.###..##.......
....#....###.##.(#...##......#.##
....####.##.....@.......#....###
...##...........K......##....#
.......######.................
..)††..#####...................
###.#........c.........#.#
.##.#..###.............###
<......# #...$...........
.......#.................
#...##.#.................


You could see Pikel and a centaur.

Vanquished Creatures
  A sky beast (D:6)
  An ogre (D:6)
  4 lemures (D:6)
  A big kobold (D:7)
  A bullfrog (D:6)
  A scorpion (D:4)
  A centaur zombie (D:6)
  A hound (D:6)
  An iguana (D:6)
  4 worker ants
  3 adders
  A white imp (D:4)
  An ooze (D:4)
  2 worms (D:2)
  2 dart slugs
  6 leopard geckos
  An orc (D:3)
  A ball python (D:6)
  4 bats
  5 giant cockroaches
  8 goblins
  4 hobgoblins
  5 jackals
  3 quokkas
  3 frilled lizards
  14 kobolds
  5 rats
84 creatures vanquished.

Vanquished Creatures (others)
  8 plants (D:6)
8 creatures vanquished.

Grand Total: 92 creatures vanquished

Notes
Turn   | Place    | Note
-------+----------+-------------------------------------------
     0 | D:1      | Ijustatesigmund the Octopode Fighter began the quest for
                  | the Orb.
     0 | D:1      | Reached XP level 1. HP: 16/16 MP: 1/1
   231 | D:1      | Reached XP level 2. HP: 21/21 MP: 2/2
   454 | D:1      | Reached skill level 3 in Axes
   617 | D:1      | Reached XP level 3. HP: 26/26 MP: 3/3
  1415 | D:2      | Found a basalt altar of Yredelemnul.
  1460 | D:2      | Found a blossoming altar of Fedhas.
  1509 | D:2      | Reached skill level 4 in Axes
  1773 | D:2      | Reached XP level 4. HP: 28/31 MP: 4/4
  2226 | D:3      | Gained mutation: You passively map a small area around you.
                  | [potion of mutation]
  2226 | D:3      | Gained mutation: You are agile. (Dex +2) [potion of
                  | mutation]
  2244 | D:3      | Found a stormy altar of Qazlal.
  2265 | D:3      | Lost mutation: You passively map a small area around you.
                  | [potion of mutation]
  2265 | D:3      | Lost mutation: You are agile. (Dex +2) [potion of mutation]
  2265 | D:3      | Gained mutation: Your mind is acute. (Int +2) [potion of
                  | mutation]
  2265 | D:3      | Gained mutation: Your flesh is heat resistant. (rF+)
                  | [potion of mutation]
  2265 | D:3      | Gained mutation: You are strong-willed. (Will+) [potion of
                  | mutation]
  2607 | D:4      | Reached skill level 5 in Axes
  2607 | D:4      | Reached XP level 5. HP: 19/36 MP: 5/5
  2829 | D:4      | Found an iron altar of Okawaru.
  2939 | D:4      | Found a runed translucent door.
  2940 | D:4      | Noticed loom's ghost (amateur TrMo)
  2941 | D:4      | Noticed an orc warrior
  2966 | D:4      | You fall into a shaft and drop 3 floors!
  2966 | D:7      | Found a staircase to the Ecumenical Temple.
  2970 | Temple   | Entered the Ecumenical Temple
  3069 | D:7      | Noticed a big kobold
  3073 | D:7      | Reached skill level 6 in Axes
  3073 | D:7      | Reached XP level 6. HP: 30/42 MP: 6/6
  3155 | D:6      | Noticed Pikel
  3240 | D:6      | Reached skill level 7 in Axes
  3259 | D:6      | Reached XP level 7. HP: 19/46 MP: 7/7
  3297 | D:6      | Reached skill level 8 in Axes
  3381 | D:6      | Slain by Pikel

Illustrated notes

Levels and vault maps discovered:
D:1:      dpeg_arrival_rhombus, layout_loops_ring
D:2:      layout_rooms, lemuel_coloured_pillars_altar, fedhas_ov_isle_minmay
D:3:      wander_river, layout_loops_cross, grunt_qazlal_clouds
D:4:      cheibrodos_greedy_goblins, layout_rooms, kennysheep_mini,
          ebering_ghost_inner_flame, hangedman_decor_opposing, okawaru_trees_1
D:6:      layout_cave_pools, lemuel_round_altar, enter_ossuary_5,
          minmay_lizard_king, uniq_pikel
D:7:      layout_loops_ring, lemuel_round_altar, minmay_temple_entry_fiery,
          basic_altar, minmay_fractal_squares_gapless_5
Temple:   nicolae_temple_great_sept

Skill      XL: |  1  2  3  4  5  6  7 |
---------------+----------------------+-----
Axes           | 3 4 5 6 7 8 |  8.3
Fighting       | |  3.0
Dodging        | |  3.0
Shields        | |  3.0

Action                   |  1- 3 |  4- 6 |  7- 9 || total
-------------------------+-------+-------+-------++-------
Melee: War axe           |    66 |    89 |    22 ||   177
       Tentacles         |    13 |    15 |     4 ||    32
       Constrict         |    16 |    18 |     5 ||    39
Throw: Dart              |       |     4 |       ||     4
Evoke: Wand              |       |     1 |       ||     1
  Use: Scroll            |     6 |    10 |       ||    16
       Potion            |       |     4 |       ||     4
 Stab: Sleeping          |     5 |     3 |       ||     8
Armor: Skin              |     7 |     3 |     1 ||    11
Dodge: Dodged            |    28 |    39 |    13 ||    80
Block: Kite shield       |    25 |    44 |    12 ||    81

Table legend: (Time is in decaauts)
 A = Elapsed time spent in this place.
 B = Non-inter-level travel time spent in this place.
 C = Inter-level travel time spent in this place.
 D = Time resting spent in this place.
 E = Time spent auto-exploring this place.
 F = Levels seen in this place.
 G = Mean time per level.
                   A        B        C        D        E       F      G
               +--------+--------+--------+--------+--------+-----+--------+
         Total |   3438 |   3308 |    130 |    449 |   2239 |   7 |  491.1 |
       Dungeon |   3357 |   3241 |    116 |    449 |   2172 |   6 |  559.5 |
        Temple |     81 |     67 |     14 |      0 |     67 |   1 |   81.0 |
               +--------+--------+--------+--------+--------+-----+--------+

Top non-repeatable levels by time:
     D:2: 979 daAuts
     D:1: 877 daAuts
     D:3: 767 daAuts
     D:4: 383 daAuts
     D:6: 273 daAuts
  Temple: 81 daAuts
     D:7: 74 daAuts
